 Dungeon Crawl Stone Soup version 0.20.1-1-g8b1a95d (webtiles) character file.

367477 tidbits the Warrior (level 21, -8/297 HPs)
             Began as a Purple Draconian Transmuter on July 8, 2017.
             Was the Champion of Kikubaaqudgha.
             Mangled by a vault warden
             ... wielding the +8 glaive of the Guard {elec, +Rage AC+5 SInv}
              (17 damage)
             ... on level 5 of the Vaults.
             The game lasted 06:20:45 (31102 turns).

tidbits the Warrior (Purple Draconian Transmuter)  Turns: 31102, Time: 06:20:45

Health: -8/297     AC: 29    Str: 27    XL:     21   Next: 62%
Magic:  14/42      EV: 15    Int: 24    God:    Kikubaaqudgha [******]
Gold:   998        SH:  0    Dex: 25    Spells: 6/54 levels left

rFire    + + +     SeeInvis .     - Unarmed
rCold    + . .     Gourm    +   (shield currently unavailable)
rNeg     + . .     Faith    .   (armour unavailable)
rPois    +         Spirit   .   (helmet currently unavailable)
rElec    +         Reflect  .   (cloak currently unavailable)
rCorr    +         Harm     .   (gloves currently unavailable)
MR       ++++.                  (boots currently unavailable)
Stlth    +++++.....             g - amulet "Wieti" {Gourm rElec rF+ rN+ Dex+3}
Regen    0.6/turn               U - ring of Robustness {AC+8}
MPRegen  0.3/turn               K - ring "Xinuat" {rCorr rF++ MR+ Dex+6}

@: mighty, dragon-form, resistant, flying, very slightly contaminated, hasted,
drained, very quick
A: breathe power, unfitting armour, clever 2, AC +11
}: 2/15 runes: serpentine, barnacled
a: Breathe Dispelling Energy, End Transformation, Receive Corpses, Torment,
Renounce Religion


You were on level 5 of the Vaults.
You worshipped Kikubaaqudgha.
Kikubaaqudgha was exalted by your worship.
You were full.
You were a fearsome dragon!
You visited 7 branches of the dungeon, and saw 39 of its levels.
You also visited: Labyrinth.

You collected 3795 gold pieces.
You spent 2797 gold pieces at shops.

Inventory:

Missiles
 a - 923 arrows
 R - 962 stones (quivered)
Armour
 C - a +2 cloak of poison resistance (melded)
   (You took it off Maurice on level 2 of the Orcish Mines)
 D - a +0 buckler of protection (melded)
   (You found it on level 3 of the Snake Pit)
 E - a +2 hat (melded)
 F - a +2 pair of boots (melded)
 G - a +1 pair of gloves (melded)
Jewellery
 f - an uncursed ring of protection from cold
   (You took it off a vault warden on level 2 of the Vaults)
 g - the amulet "Wieti" (around neck) {Gourm rElec rF+ rN+ Dex+3}
   (You took it off a naga warrior on level 4 of the Snake Pit)

   [amulet of the gourmand]

   It allows you to eat raw meat even when not hungry.
   It affects your dexterity (+3).
   It protects you from fire.
   It insulates you from electricity.
   It protects you from negative energy.
 I - an uncursed ring of see invisible
   (You found it on level 5 of the Lair of Beasts)
 K - the ring "Xinuat" (right foreclaw) {rCorr rF++ MR+ Dex+6}
   (You acquired it on level 15 of the Dungeon)

   [ring of resist corrosion]

   It affects your dexterity (+6).
   It greatly protects you from fire.
   It affects your resistance to hostile enchantments.
 U - the ring of Robustness (left foreclaw) {AC+8}
   (You bought it in a shop on level 2 of the Orcish Mines)

   [ring of protection]

   It affects your AC (+8).
 Z - an uncursed amulet of rage
   (You found it on level 1 of the Dungeon)
Wands
 d - a wand of digging (4/24)
 m - a wand of enslavement (16/24)
 q - a wand of iceblast (6/15)
 u - a wand of paralysis (7/24)
 w - a wand of scattershot (3/9)
 y - a wand of clouds (3/9)
 N - a wand of disintegration (7/24)
 S - a wand of acid (9/15)
 V - a wand of lightning (8/15)
Scrolls
 h - 2 scrolls of recharging
 i - 3 scrolls of identify
 k - 2 scrolls of magic mapping
 l - a scroll of immolation
 r - 10 scrolls of remove curse
 t - 4 scrolls of teleportation
 x - a scroll of silence
Potions
 n - a potion of invisibility
 p - 5 potions of magic
 s - 6 potions of agility
 v - a potion of flight
 A - 3 potions of resistance
 B - 6 potions of curing
 M - 4 potions of cancellation
 O - a potion of haste
 T - a potion of might
Miscellaneous
 j - a fan of gales
 J - 2 phantom mirrors
 X - a phial of floods
Comestibles
 c - 9 bread rations


   Skills:
 - Level 19.1(18.6) Fighting
 - Level 12.6(12.1) Dodging
 - Level 10.6(10.2) Stealth
 - Level 4.2(3.8) Shields
 - Level 19.1(18.5) Unarmed Combat
 + Level 17.0(16.5) Spellcasting
 - Level 4.0(3.6) Charms
 - Level 1.9(1.5) Summonings
 - Level 10.6(10.2) Necromancy
 - Level 6.0(5.6) Translocations
 - Level 15.4(14.9) Transmutations
   Level 1.7(1.3) Poison Magic
 - Level 6.1(5.7) Evocations


You had 6 spell levels left.
You knew the following spells:

 Your Spells              Type           Power        Failure   Level  Hunger
a - Apportation           Tloc           #####.       1%          1    None
b - Blink                 Tloc           N/A          1%          2    None
d - Dragon Form           Tmut           #######...   4%          7    ######.
h - Blade Hands           Tmut           #######...   1%          5    #......
k - Sticks to Snakes      Tmut           #######.     0%          2    None
l - Lesser Beckoning      Tloc           #####.....   1%          3    None
n - Animate Skeleton      Necr           N/A          1%          1    None
o - Ozocubu's Armour      Chrm/Ice       ####....     3%          3    None
p - Summon Butterflies    Summ           ####....     1%          1    None
r - Regeneration          Chrm/Necr      ######....   1%          3    None
u - Dispel Undead         Necr           ######..     1%          5    #......
v - Vampiric Draining     Necr           ######....   1%          3    None
C - Corpse Rot            Necr           N/A          1%          2    None
N - Animate Dead          Necr           N/A          1%          4    None
P - Passage of Golubria   Tloc           N/A          2%          4    None
Z - Sublimation of Blood  Necr           ######....   1%          2    None


Dungeon Overview and Level Annotations

Branches:
Dungeon (15/15)            Temple (0/1) D:4            Lair (6/6) D:8
 Shoals (4/4) Lair:4        Snake (4/4) Lair:4        Slime (0/5) Lair:5
    Orc (2/2) D:12            Elf (0/3) Orc:2        Vaults (5/5) D:14
  Crypt (0/3) Vaults:2     Depths (3/5) D:15

Altars:
Gozag
Kikubaaqudgha
Okawaru
Sif Muna
Uskayaw
Beogh

Shops:
D:11 [   D:12 *   Orc:2 =(*[   Shoals:2 [*   Shoals:4 ?   Snake:2 (!*!
Snake:4 }   Vaults:1 }

Portals:
Hell: Depths:1 Depths:2
Ziggurat: Depths:2

Annotations:
D:3 exclusion: orc wizard
D:5 exclusion: upstairs
D:9 exclusions: 2 electric eels and two-headed ogre
Depths:1 exclusion: orange crystal statue


Innate Abilities, Weirdness & Mutations

You can breathe bolts of dispelling energy.
Your rich purple scales are hard. (AC +11)
You cannot fit into any form of body armour.
((You are cold-blooded and may be slowed by cold attacks.))
((You have a pair of small antennae on your head.))
Your mind is very acute. (Int +4)


Message History

Yoink!
You pull the item towards yourself.
The iron dragon roars deafeningly!
You hear a shout!
You feel much better.
Casting: Apportation
Confirm with . or Enter, or press ? or * to list all spells.
Aiming: Passage of Golubria
Press: ? - help, Dir - move target cursor You feel yourself slow down.
Found a manual of Throwing, a meat ration and a lamp of fire.
You bite the shadow dragon!! Your bite misses the shadow dragon.
The shadow dragon is lightly wounded.
The shadow dragon bites you but does no damage.
The shadow dragon claws you but does no damage. x2
You hit the shadow dragon but do no damage.
You tail-slap the shadow dragon. You claw the shadow dragon!
The shadow dragon is moderately wounded.
You hit the shadow dragon.
The shadow dragon is moderately wounded.
The shadow dragon bites you.
* * * LOW HITPOINT WARNING * * *
You partially resist.
You feel drained.
* * * LOW HITPOINT WARNING * * *
The shadow dragon claws you but does no damage. x2
The iron dragon breathes metal splinters at you.
The spray of metal splinters hits you!
* * * LOW HITPOINT WARNING * * *
Unknown command.
You enter the passage of Golubria.
There is a passage of Golubria here.
Unknown command.
You feel yourself speed up.
The frost giant shouts!
The frost giant casts a spell at you. The bolt of cold misses you.
Unknown command.
Evoke which item? (* to show all) (? for menu, Esc to quit)
Okay, then.
Press: ? - help, v - describe, . - travel
Here: a frost giant, wielding a battleaxe of freezing The floor.
Evoke which item? (* to show all) (? for menu, Esc to quit)
Aiming: Enslavement
Press: ? - help, Shift-Dir - straight line, f - frost giant
Aim: a frost giant, wielding a battleaxe of freezing (chance to defeat MR: 16%)
Okay, then.
Unknown command.
Unknown command.
Okay, then.
Okay, then.
The frost giant gestures at you while chanting.
The bolt of cold hits you!
* * * LOW HITPOINT WARNING * * *
Okay, then.
Okay, then.
Unknown command.
Casting: Passage of Golubria
Confirm with . or Enter, or press ? or * to list all spells.
Okay, then.
Casting: Passage of Golubria
Confirm with . or Enter, or press ? or * to list all spells.
You blink.
The frost giant hits you with a battleaxe of freezing.
* * * LOW HITPOINT WARNING * * *
The frost giant freezes you.
* * * LOW HITPOINT WARNING * * *
A shadow dragon comes into view.
Unknown command.
Okay, then.
You feel better.
You feel protected.
The frost giant hits you with a battleaxe of freezing.
* * * LOW HITPOINT WARNING * * *
A vault warden comes into view.
It is wielding the +8 glaive of the Guard {elec, +Rage AC+5 SInv}.
Casting: Blink
Confirm with . or Enter, or press ? or * to list all spells.
You blink.
The iron dragon breathes metal splinters at you.
The spray of metal splinters misses you.
You hear a shout! x3
Found a silver rune of Zot.
Unknown command.
Casting: Blink
Confirm with . or Enter, or press ? or * to list all spells.
You blink.
The shadow dragon barely misses you.
The shadow dragon claws you but does no damage. x2
The vault warden hits you from afar with the +8 glaive of the Guard {elec, +Rage AC+5 SInv}.
* * * LOW HITPOINT WARNING * * *
The frost giant casts a spell at you.
The bolt of cold hits the shadow dragon.
The shadow dragon resists.
The bolt of cold hits you! You resist.
* * * LOW HITPOINT WARNING * * *
Unknown command.
You feel better.
The shadow dragon breathes negative energy at you.
The bolt of negative energy hits you! You partially resist.
You feel drained.
* * * LOW HITPOINT WARNING * * *
The vault warden hits you from afar with the +8 glaive of the Guard {elec, +Rage AC+5 SInv}!
You die...
Kikubaaqudgha rasps: "You have failed me!
Welcome... death!"

..#***,,*,,,,#........#**,,,***,,
,,,****,*,,,,#.......##*,,,,,***,
,,,,,,***,,,,#......##*.,,,,,,***
,,,**,,**,,,,#.^ยง..##*..,,,,,,,**
*,****,**,,,,#.D..##*...,,,,,,,,*
*,****,*#,,,,#...##*....,,,,,,,,,
*,,**,,*#..,,#DC##*.....,,,,,,,,,
**,,,,,,#....#pD##......,,,,,,,,,
******,,........D.......,,,,,,,,,
*******,.......#########*********
,,,,,,,,........,,,,,,,,,,,,,,,,,
,,,,,,,,........,,,,,,,,,,,,,,,,,
********########*****************


You could see 2 shadow dragons, an iron dragon, a frost giant and a vault
warden.

Vanquished Creatures
  Frederick (Vaults:3)
  Saint Roka (Orc:2)
  Vashnia (Snake:3)
  Xtahua (Vaults:3)
  2 golden dragons (Vaults:5)
  Jorgrun (Depths:1)
  2 liches
  Rupert (D:13)
  A tentacled monstrosity (Vaults:5)
  Asterion (Vaults:1)
  2 sphinxes
  2 shadow dragons (Vaults:5)
  3 tengu reavers
  2 storm dragons (Vaults:5)
  Ilsuiw (Shoals:4)
  6 fire giants
  10 nagarajas
  3 frost giants
  3 orc warlords
  7 vault wardens
  Aizul (Snake:4)
  A deep elf elementalist (Vaults:5)
  10 ironheart preservers
  12 very ugly things
  12 stone giants
  The ghost of PeterMcNeter the Carver, a journeyman BaFi of Yredelemnul (Orc:2)
  3 entropy weavers
  Azrael (D:13)
  A vampire knight (Depths:1)
  2 deep elf death magi
  2 merfolk javelineers
  Snorg (Orc:2)
  7 ettins
  A minotaur (Lab)
  A merfolk impaler (Shoals:4)
  4 fire dragons
  8 yaktaur captains
  The ghost of ThePrince the Grappler, a journeyman TrMo of Ru (D:9)
  A deep elf high priest (Vaults:5)
  5 rakshasas
  15 vault guards
  3 great orbs of eyes
  Erolcha (D:13)
  6 hydras
  24 naga warriors
  A hell beast (Depths:1)
  8 ice dragons
  11 anacondas
  14 two-headed ogres
  4 catoblepae
  An ice dragon (shapeshifter) (D:15)
  A merfolk avatar (Shoals:4)
  3 death knights
  4 merfolk aquamancers
  4 centaur warriors
  A catoblepas (shapeshifter) (D:15)
  10 death yaks (Lair:6)
  6 deep troll shamans
  A satyr (Shoals:3)
  A dancing weapon (Vaults:5)
  5 deep troll earth magi
  A vampire mage (Depths:1)
  A queen ant (Lair:5)
  5 orc high priests (Orc:2)
  4 tengu warriors
  The ghost of Quirk the Slicer, a novice DsFi of Okawaru (D:11)
  5 ogre magi
  Urug (D:13)
  4 deep elf knights (Vaults:1)
  17 naga sharpshooters
  A sun demon (Depths:1)
  5 shock serpents
  3 sea snakes
  5 hell knights
  2 shadow wraiths (Vaults:4)
  4 iron trolls (Depths:1)
  A salamander mystic (Snake:4)
  11 skeletal warriors
  9 deep trolls
  3 unseen horrors
  A glowing orange brain (Vaults:4)
  9 naga ritualists
  4 wizards
  A tengu zombie (Vaults:1)
  2 deep elf archers
  9 ironbrand convokers
  11 orc knights
  A lindwurm (Lair:3)
  13 harpies
  6 mana vipers
  Pikel (D:6)
  A harpy (shapeshifter) (D:14)
  4 necromancers
  4 oklob plants (Lair:3)
  5 orc sorcerers
  11 cyclopes
  3 fauns (Shoals:1)
  4 wolf spiders
  20 ugly things
  10 deep elf magi
  A manticore (shapeshifter) (Vaults:5)
  9 salamanders
  A salamander (shapeshifter) (Vaults:5)
  10 manticores
  2 human zombies (Vaults:1)
  5 merfolk sirens
  11 elephants
  7 guardian serpents
  Maurice (Orc:2)
  8 vault sentinels
  3 centaur zombies
  Psyche (D:10)
  A rust devil (Depths:1)
  2 water nymphs
  28 black mambas
  21 naga magi
  17 spiny frogs
  3 gargoyles
  A spiny frog (shapeshifter) (D:13)
  2 rime drakes (shapeshifter)
  8 komodo dragons
  A kobold demonologist (D:13)
  2 rime drakes
  An efreet (D:14)
  2 freezing wraiths
  29 yaktaurs
  A minotaur zombie (Lab)
  22 merfolk
  8 trolls
  Prince Ribbit (D:9)
  7 hornets
  A wolf spider simulacrum (Vaults:1)
  2 wind drakes (shapeshifter) (Depths:1)
  5 wind drakes
  15 hippogriffs
  26 slime creatures
  16 blink frogs
  8 snapping turtles
  8 dream sheep
  A minotaur skeleton (Lab)
  A human simulacrum (Vaults:4)
  2 centaur simulacra
  A spriggan (shapeshifter) (Vaults:3)
  A spriggan (Lair:6)
  2 vampires (D:13)
  3 shadows
  8 water elementals
  33 yaks
  2 wraiths
  3 wyverns
  7 vampire mosquitoes
  A hungry ghost (Lab)
  4 basilisks
  3 fire elementals (D:13)
  4 wargs (Orc:2)
  68 nagas
  2 acid dragons
  23 soldier ants
  2 hell hounds (D:13)
  17 water moccasins
  7 porcupines
  2 sky beasts
  8 ice beasts
  44 orc warriors
  A black bear (shapeshifter) (Vaults:4)
  24 ogres
  15 boggarts
  4 phantoms
  28 centaurs
  6 wolves
  17 crocodiles
  5 big kobolds
  Blork the orc (D:6)
  19 bullfrogs
  3 scorpions
  3 troll zombies (D:12)
  10 killer bees
  6 wights
  2 electric eels (D:9)
  7 howler monkeys
  6 crimson imps
  2 jellies
  10 hounds
  27 orc wizards
  A bullfrog skeleton (D:12)
  24 orc priests
  4 centaur skeletons
  An iguana (D:11)
  25 worker ants
  5 ogre zombies (D:12)
  A hound zombie (D:11)
  2 gnolls (D:8)
  11 adders
  4 shadow imps
  2 oozes
  An adder skeleton (D:9)
  2 worms
  2 dart slugs
  3 leopard geckos
  90 orcs
  A giant cockroach (D:1)
  3 goblins
  5 hobgoblins
  10 jackals
  9 kobolds
  2 quokkas
  A ball python (D:4)
  4 bats
  4 frilled lizards
  2 goblin skeletons (D:12)
  3 goblin zombies (D:12)
  A jackal zombie (D:7)
  4 orc skeletons (D:12)
  16 orc zombies (D:12)
  A quokka skeleton (D:4)
  7 rats
  A fungus (Lair:4)
  20 plants
1467 creatures vanquished.

Vanquished Creatures (collateral kills)
  A tengu reaver (Vaults:5)
  A nagaraja (Snake:4)
  A stone giant (Depths:1)
  A very ugly thing (Depths:1)
  2 ettins
  A merfolk javelineer (Shoals:4)
  3 merfolk impalers
  3 hydras
  A rakshasa (Depths:1)
  2 naga warriors (Snake:4)
  A catoblepas (Lair:2)
  A merfolk avatar (Shoals:3)
  An alligator snapping turtle (Shoals:4)
  An ogre mage (Vaults:3)
  A deep troll shaman (Depths:1)
  2 death yaks
  A deep elf knight (Vaults:3)
  A salamander mystic (Snake:4)
  3 sea snakes
  A deep troll (Vaults:4)
  A deep elf mage (Vaults:1)
  2 ugly things (Vaults:2)
  A mana viper (Snake:4)
  5 manticores
  An orc sorcerer (Orc:2)
  A salamander (Snake:4)
  A merfolk siren (Shoals:3)
  4 black mambas
  3 naga magi
  A guardian serpent (Snake:4)
  A vault sentinel (Vaults:5)
  A water nymph (Shoals:4)
  2 spiny frogs (Lair:3)
  4 komodo dragons
  2 yaktaurs
  A rime drake (Lair:3)
  2 merfolk (Shoals:4)
  A blink frog (Lair:6)
  16 dream sheep
  A slime creature (Lair:5)
  2 hippogriffs
  A water elemental (Shoals:4)
  6 yaks
  A basilisk (Lair:6)
  2 nagas (Snake:4)
  A water moccasin (Lair:2)
  A porcupine (Lair:2)
  4 orc warriors
  An ice beast (D:6)
  3 ogres
  A centaur (D:15)
  3 crocodiles
  2 killer bees
  An orc priest (Orc:2)
  A jelly (Lair:5)
  An orc wizard (Orc:2)
  A centaur skeleton (D:8)
  2 worker ants (Lair:5)
  A gnoll (D:8)
  4 adders
  3 oozes (Lair:5)
  9 orcs
  2 jackals (D:3)
  A quokka (D:10)
  4 fungi
  9 plants
147 creatures vanquished.

Vanquished Creatures (others)
  An ettin (Vaults:4)
  A yaktaur (Vaults:5)
  A centaur skeleton (D:13)
  A porcupine (Lair:5)
  2 ogres (Vaults:3)
  A human (D:4)
  A scorpion (D:6)
  An orc (Vaults:5)
  6 fungi
  12 plants
27 creatures vanquished.

Grand Total: 1641 creatures vanquished

Notes
Turn   | Place    | Note
-------+----------+-------------------------------------------
     0 | D:1      | tidbits the Draconian Transmuter began the quest for the Orb.
     0 | D:1      | Reached XP level 1. HP: 16/16 MP: 3/3
    55 | D:1      | Reached skill level 2 in Dodging
   255 | D:2      | Reached skill level 1 in Stealth
   255 | D:2      | Reached XP level 2. HP: 12/23 MP: 3/5
   259 | D:2      | Learned a level 2 spell: Sticks to Snakes
   637 | D:3      | Reached skill level 2 in Stealth
   798 | D:3      | Reached XP level 3. HP: 24/28 MP: 3/6
   953 | D:3      | Reached skill level 3 in Stealth
   959 | D:3      | Learned a level 3 spell: Spider Form
  1003 | D:2      | Reached skill level 1 in Poison Magic
  1130 | D:4      | Found an ancient bone altar of Kikubaaqudgha.
  1134 | D:4      | Noticed a human
  1135 | D:4      | Killed a human
  1140 | D:4      | Became a worshipper of Kikubaaqudgha
  1149 | D:4      | Noticed a scorpion
  1163 | D:4      | Killed a scorpion
  1163 | D:4      | Reached XP level 4. HP: 26/35 MP: 2/7
  1490 | D:5      | Entered Level 5 of the Dungeon
  1593 | D:5      | Reached skill level 1 in Evocations
  1613 | D:4      | Noticed a phantom
  1736 | D:5      | Noticed an ice beast
  1773 | D:5      | Reached skill level 2 in Evocations
  1773 | D:5      | Reached XP level 5. HP: 35/40 MP: 2/8
  1793 | D:5      | Gained mutation: You have a pair of small antennae on your head. [potion of mutation]
  1793 | D:5      | Gained mutation: Your mind is acute. (Int +2) [potion of mutation]
  1793 | D:5      | Gained mutation: Your mind is very acute. (Int +4) [potion of mutation]
  1803 | D:6      | Noticed a slave
  1862 | D:6      | Noticed a slave
  2093 | D:7      | Reached skill level 4 in Unarmed Combat
  2113 | D:7      | Noticed an orc warrior
  2233 | D:6      | Noticed an ice beast
  2379 | D:6      | Noticed Blork the orc
  2449 | D:6      | Reached XP level 6. HP: 29/47 MP: 9/9
  2470 | D:6      | Killed Blork the orc
  2470 | D:6      | Reached skill level 5 in Unarmed Combat
  2583 | D:5      | Killed an ice beast
  2670 | D:4      | Found a staircase to the Ecumenical Temple.
  2760 | D:3      | Reached skill level 6 in Unarmed Combat
  2772 | D:3      | Reached * piety under Kikubaaqudgha
  2772 | D:3      | Identified Kikubaaqudgha's Papyrus of Evil Rites (Kikubaaqudgha gifted it to you on level 3 of the Dungeon)
  2772 | D:3      | Received a gift from Kikubaaqudgha
  2787 | D:4      | Learned a level 1 spell: Animate Skeleton
  2790 | D:4      | Learned a level 2 spell: Corpse Rot
  2955 | D:6      | Reached skill level 1 in Necromancy
  2955 | D:6      | Your scales start taking on a rich purple colour.
  2955 | D:6      | Reached XP level 7. HP: 39/52 MP: 10/10
  3102 | D:6      | Reached skill level 3 in Spellcasting
  3166 | D:6      | Noticed Pikel
  3186 | D:6      | Killed Pikel
  3186 | D:6      | Reached skill level 4 in Spellcasting
  3186 | D:6      | Reached skill level 4 in Necromancy
  3186 | D:6      | Reached XP level 8. HP: 59/59 MP: 11/15
  3306 | D:7      | Reached skill level 2 in Fighting
  3507 | D:7      | Reached skill level 7 in Unarmed Combat
  3713 | D:8      | Found a staircase to the Lair.
  3713 | D:8      | Noticed an elephant
  3713 | D:8      | Noticed a hippogriff
  3804 | D:7      | Reached skill level 8 in Unarmed Combat
  4054 | D:8      | Noticed a hippogriff
  4063 | D:8      | Killed a hippogriff
  4063 | D:8      | Reached skill level 3 in Dodging
  4063 | D:8      | Reached XP level 9. HP: 40/68 MP: 13/16
  4208 | D:8      | Reached skill level 4 in Dodging
  4295 | D:9      | Reached skill level 3 in Transmutations
  4341 | D:9      | Reached ** piety under Kikubaaqudgha
  4438 | D:10     | Entered Level 10 of the Dungeon
  4543 | D:10     | Reached skill level 4 in Transmutations
  4761 | D:7      | Reached skill level 5 in Transmutations
  4896 | D:8      | Killed an elephant
  4896 | D:8      | Reached skill level 6 in Transmutations
  4915 | D:8      | Learned a level 3 spell: Vampiric Draining
  5015 | D:8      | Reached skill level 7 in Transmutations
  5074 | D:8      | Noticed a two-headed ogre
  5135 | D:8      | Learned a level 5 spell: Blade Hands
  5178 | Lair:1   | Entered Level 1 of the Lair of Beasts
  5233 | Lair:1   | Reached skill level 8 in Transmutations
  5404 | D:8      | Reached skill level 5 in Spellcasting
  5424 | D:8      | Killed a two-headed ogre
  5424 | D:8      | Reached XP level 10. HP: 14/75 MP: 9/17
  5529 | D:9      | Noticed ThePrince's ghost (journeyman TrMo)
  5573 | D:8      | Reached skill level 5 in Necromancy
  5709 | D:8      | Reached skill level 3 in Fighting
  5738 | D:9      | Noticed a two-headed ogre
  6032 | Lair:1   | Reached skill level 4 in Fighting
  6040 | Lair:1   | Reached skill level 5 in Fighting
  6054 | Lair:1   | Reached skill level 6 in Fighting
  6078 | Lair:1   | Reached skill level 7 in Fighting
  6122 | Lair:1   | Noticed a black mamba
  6165 | Lair:1   | Killed a black mamba
  6165 | Lair:1   | Reached *** piety under Kikubaaqudgha
  6165 | Lair:1   | Identified Kikubaaqudgha's Collected Works on Darkness (Kikubaaqudgha gifted it to you on level 1 of the Lair of Beasts)
  6165 | Lair:1   | Received a gift from Kikubaaqudgha
  6165 | Lair:1   | Reached skill level 3 in Evocations
  6177 | Lair:1   | Noticed a spiny frog
  6179 | Lair:1   | Reached skill level 4 in Evocations
  6184 | Lair:1   | Killed a spiny frog
  6369 | Lair:2   | Noticed a spiny frog
  6371 | Lair:2   | Noticed a six-headed hydra
  6410 | Lair:2   | Noticed a black mamba
  6464 | Lair:2   | Noticed a four-headed hydra
  6469 | Lair:2   | Found a labyrinth entrance.
  6495 | Lair:2   | Killed a four-headed hydra
  6495 | Lair:2   | Reached skill level 6 in Spellcasting
  6495 | Lair:2   | Reached skill level 5 in Evocations
  6501 | Lab      | Entered a labyrinth
  6553 | Lab      | Reached XP level 11. HP: 38/92 MP: 0/20
  6774 | Lab      | Noticed a minotaur
  6781 | Lab      | Killed a minotaur
  6781 | Lab      | Reached skill level 6 in Evocations
  6818 | Lab      | Learned a level 3 spell: Regeneration
  6862 | Lair:2   | Noticed a catoblepas
  6938 | Lair:3   | Reached skill level 1 in Charms
  7026 | Lair:4   | Found a staircase to the Shoals.
  7066 | Lair:4   | Reached skill level 2 in Charms
  7219 | Lair:4   | Reached skill level 3 in Charms
  7233 | Lair:4   | Reached skill level 9 in Unarmed Combat
  7277 | Lair:4   | Reached skill level 4 in Charms
  7284 | Lair:4   | Found a staircase to the Snake Pit.
  7392 | Lair:4   | Reached skill level 7 in Spellcasting
  7400 | Lair:4   | Reached **** piety under Kikubaaqudgha
  7403 | Lair:4   | Reached skill level 5 in Dodging
  7497 | Lair:3   | Learned a level 1 spell: Apportation
  7573 | Lair:3   | Learned a level 1 spell: Summon Butterflies
  7586 | Lair:3   | Reached skill level 1 in Translocations
  7690 | Lair:3   | Noticed a seven-headed hydra
  7706 | Lair:3   | Killed a seven-headed hydra
  7706 | Lair:3   | Reached skill level 1 in Summonings
  7757 | Lair:3   | Reached skill level 2 in Translocations
  7835 | Lair:3   | Noticed an oklob plant
  7835 | Lair:3   | Noticed an oklob plant
  7835 | Lair:3   | Noticed an oklob plant
  7835 | Lair:3   | Noticed an oklob plant
  7872 | Lair:3   | Reached skill level 8 in Spellcasting
  8113 | Lair:2   | Reached XP level 12. HP: 100/100 MP: 15/24
  8122 | Lair:2   | Noticed a death yak
  8134 | Lair:2   | Killed a death yak
  8134 | Lair:2   | Reached skill level 6 in Dodging
  8185 | Lair:2   | Killed a six-headed hydra
  8607 | Lair:2   | Reached skill level 10 in Unarmed Combat
  8748 | Lair:2   | Killed a catoblepas
  8748 | Lair:2   | Reached skill level 8 in Fighting
  8842 | Lair:2   | Reached ***** piety under Kikubaaqudgha
  8985 | Lair:1   | Reached skill level 11 in Unarmed Combat
  9098 | Lair:1   | Noticed an eight-headed hydra
  9119 | Lair:1   | Killed an eight-headed hydra
  9203 | Lair:1   | Reached skill level 9 in Fighting
  9361 | D:9      | Killed ThePrince's ghost
  9691 | D:10     | Reached skill level 12 in Unarmed Combat
  9867 | D:9      | Noticed Prince Ribbit
  9874 | D:9      | Noticed Psyche
  9946 | D:10     | Noticed a two-headed hydra
  9968 | D:10     | Killed a three-headed hydra
  9968 | D:10     | Reached XP level 13. HP: 49/112 MP: 25/25
 10120 | D:10     | Killed Psyche
 10151 | D:9      | Killed Prince Ribbit
 10206 | D:9      | Found an iron altar of Okawaru.
 10470 | D:11     | Reached skill level 10 in Fighting
 10764 | D:13     | Reached skill level 13 in Unarmed Combat
 10857 | D:12     | Found a staircase to the Orcish Mines.
 10900 | D:12     | Reached ****** piety under Kikubaaqudgha
 11124 | D:11     | Found Suifol's Antique Armour Shop.
 11194 | D:11     | Noticed Quirk's ghost (novice DsFi)
 11203 | D:11     | Killed Quirk's ghost
 11501 | D:12     | Reached skill level 9 in Transmutations
 11698 | D:12     | Found Exkawk's Assorted Antiques.
 11708 | D:12     | Bought a scroll labeled KAECLIM GIPPO for 40 gold pieces
 11708 | D:12     | Bought a scroll labeled VASCHU UTZA for 40 gold pieces
 11708 | D:12     | Bought a fuming grey potion for 36 gold pieces
 11760 | D:13     | Reached skill level 1 in Shields
 11944 | D:14     | Reached skill level 2 in Shields
 11950 | D:14     | Reached skill level 3 in Shields
 11956 | D:14     | Reached skill level 4 in Shields
 11983 | D:14     | Learned a level 4 spell: Animate Dead
 12163 | D:13     | Reached skill level 7 in Dodging
 12218 | D:13     | Noticed Azrael
 12251 | D:13     | Killed Azrael
 12504 | D:14     | Found a gate to the Vaults.
 12533 | D:14     | Reached skill level 8 in Dodging
 12538 | D:14     | Reached XP level 14. HP: 68/122 MP: 4/26
 12727 | D:14     | Reached skill level 9 in Dodging
 12880 | D:14     | Reached skill level 11 in Fighting
 13037 | D:15     | Entered Level 15 of the Dungeon
 13055 | D:14     | Reached skill level 14 in Unarmed Combat
 13218 | D:13     | Noticed Urug
 13235 | D:13     | Killed Urug
 13270 | D:13     | Noticed Erolcha
 13299 | D:13     | Killed Erolcha
 13374 | D:13     | Found a deep blue altar of Sif Muna.
 13522 | D:13     | Noticed Rupert
 13554 | D:13     | Killed Rupert
 13770 | D:15     | Reached skill level 9 in Spellcasting
 13924 | D:15     | Found a runed door.
 13993 | D:15     | Reached skill level 10 in Spellcasting
 14509 | D:15     | Identified a scroll of acquirement
 14512 | D:15     | Got a scintillating turquoise ring
 14514 | D:15     | Identified the ring "Xinuat" {rCorr rF++ MR+ Dex+6} (You acquired it on level 15 of the Dungeon)
 14515 | D:15     | !!
 14532 | D:15     | Found a staircase to the Depths.
 14566 | D:15     | Learned a level 2 spell: Sublimation of Blood
 14594 | D:15     | Learned a level 4 spell: Control Undead
 14762 | D:15     | Learned a level 5 spell: Dispel Undead
 14933 | Orc:1    | Entered Level 1 of the Orcish Mines
 15125 | Orc:1    | Reached skill level 6 in Necromancy
 15244 | Orc:2    | Entered Level 2 of the Orcish Mines
 15256 | Orc:2    | Noticed PeterMcNeter's ghost (journeyman BaFi)
 15281 | Orc:2    | Killed PeterMcNeter's ghost
 15281 | Orc:2    | Reached XP level 15. HP: 132/132 MP: 18/29
 15329 | Orc:2    | Found a staircase to the Elven Halls.
 15430 | Orc:2    | Noticed Snorg
 15484 | Orc:2    | Killed Snorg
 15484 | Orc:2    | Reached skill level 7 in Necromancy
 15674 | Orc:2    | Noticed Saint Roka
 15712 | Orc:2    | Killed Saint Roka
 15712 | Orc:2    | Reached skill level 8 in Necromancy
 15799 | Orc:2    | Noticed Maurice
 15908 | Orc:2    | Killed Maurice
 15950 | Orc:2    | Noticed an orc warlord
 15991 | Orc:2    | Killed an orc warlord
 15991 | Orc:2    | Reached skill level 9 in Necromancy
 16373 | Orc:2    | Reached skill level 10 in Necromancy
 16405 | Orc:2    | Noticed an orc warlord
 16482 | Orc:2    | Killed an orc warlord
 16630 | Orc:2    | Found Hutait's Antique Armour Shoppe.
 16630 | Orc:2    | Found Cyuseiti's General Store.
 16630 | Orc:2    | Found Weneklo's Antique Weapon Shoppe.
 16630 | Orc:2    | Found Xitu's Jewellery Emporium.
 16648 | Orc:2    | Bought a scroll of identify for 28 gold pieces
 16656 | Orc:2    | Bought a pair of runed boots for 187 gold pieces
 16779 | Orc:2    | Bought the ring of Robustness {AC+8} for 1792 gold pieces
 17265 | Lair:1   | Received a gift from Kikubaaqudgha
 17459 | Lair:3   | Reached skill level 15 in Unarmed Combat
 17839 | Lair:5   | Reached skill level 10 in Transmutations
 18067 | Lair:5   | Found a staircase to the Slime Pits.
 18196 | Lair:6   | Entered Level 6 of the Lair of Beasts
 18205 | Lair:6   | Reached skill level 11 in Transmutations
 18483 | Lair:6   | Reached XP level 16. HP: 139/139 MP: 30/30
 18565 | Lair:6   | Reached skill level 11 in Spellcasting
 18945 | Lair:6   | Reached skill level 12 in Transmutations
 19527 | Snake:1  | Entered Level 1 of the Snake Pit
 19564 | Snake:1  | Reached skill level 12 in Spellcasting
 19739 | Snake:1  | HP: 5/139 [black mamba (14)]
 19836 | Snake:1  | Learned a level 7 spell: Dragon Form
 20100 | Snake:2  | Reached skill level 13 in Transmutations
 20115 | Snake:2  | Found Edadoegg's Distillery.
 20188 | Snake:2  | Found Lurof's Distillery.
 20188 | Snake:2  | Found Lonuq's Weapon Emporium.
 20192 | Snake:2  | Found Xuqyaku's General Store.
 20209 | Snake:2  | Bought a potion of heal wounds for 85 gold pieces
 20555 | Snake:2  | Found an opulent altar of Gozag.
 20687 | Snake:3  | Noticed Vashnia
 20759 | Snake:3  | Reached skill level 14 in Transmutations
 20766 | Snake:3  | Killed Vashnia
 20928 | Snake:3  | Reached XP level 17. HP: 146/146 MP: 33/33
 21468 | Snake:3  | Reached skill level 15 in Transmutations
 21485 | Snake:4  | Entered Level 4 of the Snake Pit
 21528 | Snake:4  | Noticed Aizul
 21542 | Snake:4  | Killed Aizul
 21550 | Snake:4  | Found Ownyuc's Gadget Boutique.
 21814 | Snake:4  | Reached skill level 12 in Fighting
 22697 | Snake:4  | Reached skill level 16 in Unarmed Combat
 22811 | Snake:4  | Reached skill level 13 in Fighting
 22941 | Snake:4  | Got a serpentine rune of Zot
 23144 | Snake:4  | Reached XP level 18. HP: 133/158 MP: 7/34
 23401 | Snake:4  | Reached skill level 17 in Unarmed Combat
 23426 | Snake:4  | Learned a level 2 spell: Blink
 23427 | Snake:4  | Got a fine bone amulet
 23494 | Snake:2  | Bought a potion of invisibility for 80 gold pieces
 23494 | Snake:2  | Bought a potion of cancellation for 80 gold pieces
 23494 | Snake:2  | Bought a potion of cancellation for 80 gold pieces
 23494 | Snake:2  | Bought a potion of agility for 40 gold pieces
 23497 | Snake:2  | Bought a potion of curing for 51 gold pieces
 23497 | Snake:2  | Bought a potion of agility for 68 gold pieces
 23525 | Lair:4   | Learned a level 4 spell: Passage of Golubria
 23558 | Shoals:1 | Entered Level 1 of the Shoals
 23650 | Shoals:2 | Reached skill level 3 in Translocations
 23746 | Shoals:3 | Identified the amulet "Wieti" {Gourm rElec rF+ rN+ Dex+3} (You took it off a naga warrior on level 4 of the Snake Pit)
 23807 | Shoals:2 | Reached skill level 4 in Translocations
 23870 | Shoals:2 | Found Rutocosa's Antique Armour Boutique.
 23924 | Shoals:2 | Found Hykkefer's General Store.
 24089 | Shoals:1 | Reached skill level 13 in Spellcasting
 24325 | Shoals:3 | Reached skill level 5 in Translocations
 24698 | Shoals:4 | Entered Level 4 of the Shoals
 24851 | Shoals:4 | Reached skill level 6 in Translocations
 24910 | Shoals:4 | Found Peniovan's Magic Scroll Shop.
 24916 | Shoals:4 | Bought a scroll of blinking for 150 gold pieces
 24916 | Shoals:4 | Bought a scroll of fog for 40 gold pieces
 24981 | Shoals:4 | Reached skill level 14 in Spellcasting
 25000 | Shoals:4 | Noticed Ilsuiw
 25016 | Shoals:4 | Killed Ilsuiw
 25110 | Shoals:4 | Learned a level 3 spell: Lesser Beckoning
 25229 | Shoals:4 | Got a barnacled rune of Zot
 26001 | D:15     | Reached skill level 14 in Fighting
 26108 | Depths:1 | Entered Level 1 of the Depths
 26152 | Depths:1 | Found a gateway to Hell.
 26415 | Depths:1 | Reached skill level 15 in Fighting
 26415 | Depths:1 | Reached XP level 19. HP: 170/170 MP: 37/37
 26495 | Depths:2 | Found a gateway to a ziggurat.
 26650 | Depths:1 | Noticed Jorgrun
 26743 | Depths:2 | Reached skill level 16 in Fighting
 26796 | Depths:3 | Found a hide-covered altar of Uskayaw.
 26860 | Depths:1 | Noticed a lich
 26867 | Depths:1 | Killed a lich
 26903 | Depths:1 | Reached skill level 18 in Unarmed Combat
 26940 | Depths:1 | Killed Jorgrun
 27065 | Depths:1 | Identified the ring of Kauch {rF+ rC- Int+8 Dex-5 SInv} (You took it off a vampire knight on level 1 of the Depths)
 27076 | Depths:1 | Identified the Incunabulum of the Igneous Snowflakes
 27191 | Depths:1 | Reached skill level 17 in Fighting
 27358 | Depths:1 | Reached skill level 18 in Fighting
 27665 | Vaults:1 | Entered Level 1 of the Vaults
 27694 | Vaults:1 | Found Rined's Gadget Boutique.
 27752 | Vaults:1 | Found a roughly hewn altar of Beogh.
 27947 | Vaults:1 | Noticed Asterion
 27969 | Vaults:1 | Killed Asterion
 27969 | Vaults:1 | Reached skill level 19 in Fighting
 27969 | Vaults:1 | Reached skill level 19 in Unarmed Combat
 28069 | Vaults:1 | Reached XP level 20. HP: 191/191 MP: 19/38
 28198 | Vaults:2 | Reached skill level 15 in Spellcasting
 28403 | Vaults:3 | Reached skill level 10 in Dodging
 28700 | Vaults:3 | Reached skill level 11 in Dodging
 28716 | Vaults:3 | Noticed Frederick
 28721 | Vaults:3 | Killed Frederick
 28837 | Vaults:3 | Noticed Xtahua
 28851 | Vaults:3 | Killed Xtahua
 28851 | Vaults:3 | Reached skill level 12 in Dodging
 29313 | Vaults:2 | Reached skill level 4 in Stealth
 29553 | Vaults:1 | Reached skill level 5 in Stealth
 29615 | Vaults:1 | Reached skill level 6 in Stealth
 29711 | Vaults:2 | Found a staircase to the Crypt.
 29930 | Vaults:1 | Reached skill level 7 in Stealth
 30133 | Vaults:2 | Reached skill level 8 in Stealth
 30271 | Vaults:2 | Reached XP level 21. HP: 198/198 MP: 34/40
 30286 | Vaults:2 | Reached skill level 9 in Stealth
 30587 | Vaults:4 | Reached skill level 10 in Stealth
 30855 | Vaults:4 | Learned a level 3 spell: Ozocubu's Armour
 30858 | Vaults:5 | Entered Level 5 of the Vaults
 30932 | Vaults:5 | Noticed a golden dragon
 30998 | Vaults:5 | Reached skill level 16 in Spellcasting
 31004 | Vaults:5 | Noticed a golden dragon
 31007 | Vaults:5 | Killed a golden dragon
 31011 | Vaults:5 | Noticed a golden dragon
 31016 | Vaults:5 | Killed a golden dragon
 31019 | Vaults:5 | Noticed an ancient lich
 31079 | Vaults:5 | Reached skill level 17 in Spellcasting
 31094 | Vaults:5 | HP: 12/297 [frost giant/bolt of cold (54)]
 31096 | Vaults:5 | HP: 5/297 [frost giant/battleaxe of freezing (2)]
 31101 | Vaults:5 | HP: 11/297 [vault warden/the +8 glaive of the Guard {elec, +Rage AC+5 SInv} (5)]
 31101 | Vaults:5 | HP: 5/297 [frost giant/bolt of cold (6)]
 31102 | Vaults:5 | Mangled by a vault warden

Skill      XL: |  1  2  3  4  5  6  7  8  9 10 11 12 13 14 15 16 17 18 19 20 21 |
---------------+----------------------------------------------------------------+-----
Dodging        | 2 3 4 5 6 8 9 12 | 12.6
Stealth        | 1 2 3 8 10 | 10.6
Poison Magic   | 1 |  1.7
Evocations     | 2 5 6 |  6.1
Unarmed Combat | 4 6 8 9 12 13 14 15 16 17 19 | 19.1
Necromancy     | 1 4 5 6 10 | 10.6
Spellcasting   | 4 5 6 8 10 12 14 15 17 | 17.0
Fighting       | 2 7 9 10 11 13 15 19 | 19.1
Transmutations | 8 9 11 14 15 | 15.4
Charms         | 4 |  4.0
Translocations | 2 6 |  6.0
Summonings     | 1 |  1.9
Shields        | 4 |  4.2

Action                   |  1- 3 |  4- 6 |  7- 9 | 10-12 | 13-15 | 16-18 | 19-21 || total
-------------------------+-------+-------+-------+-------+-------+-------+-------++-------
Melee: Unarmed           |    89 |   118 |   187 |   444 |  1131 |  1008 |   808 ||  3785
       Tailslap          |    11 |     4 |    10 |    58 |   146 |   176 |   165 ||   570
       Headbutt          |     7 |       |       |       |       |       |       ||     7
       Kick              |     5 |       |       |       |       |       |       ||     5
       Punch             |       |       |     2 |    12 |    79 |    79 |   101 ||   273
       Bite              |       |       |       |       |       |    76 |   129 ||   205
Throw: Stone             |       |       |     1 |     1 |     7 |     2 |       ||    11
 Cast: Beastly Appendage |    20 |     2 |       |       |       |       |       ||    22
       Sticks to Snakes  |     6 |     9 |    11 |    46 |    17 |    44 |    12 ||   145
       Spider Form       |       |    14 |    22 |       |       |       |       ||    36
       Animate Skeleton  |       |       |    17 |    64 |   107 |    97 |    33 ||   318
       Blade Hands       |       |       |     3 |    53 |   124 |    26 |       ||   206
       Vampiric Draining |       |       |       |     5 |     1 |       |     4 ||    10
       Corpse Rot        |       |       |       |     1 |       |       |       ||     1
       Regeneration      |       |       |       |    23 |    62 |    87 |    42 ||   214
       Apportation       |       |       |       |    18 |    26 |    38 |    34 ||   116
       Animate Dead      |       |       |       |       |    19 |    33 |    32 ||    84
       Dragon Form       |       |       |       |       |       |    55 |    38 ||    93
       Blink             |       |       |       |       |       |     1 |    11 ||    12
       Lesser Beckoning  |       |       |       |       |       |       |    32 ||    32
       Summon Butterflie |       |       |       |       |       |       |     4 ||     4
       Passage of Golubr |       |       |       |       |       |       |     2 ||     2
       Ozocubu's Armour  |       |       |       |       |       |       |     1 ||     1
Invok: Receive Necronomi |       |       |       |       |     1 |       |       ||     1
       Receive Corpses   |       |       |       |       |       |     1 |       ||     1
 Abil: Evoke Berserk Rag |       |       |    10 |     1 |    11 |     2 |       ||    24
       End Transformatio |       |       |     4 |    10 |    31 |     7 |     2 ||    54
       Breathe Dispellin |       |       |       |     2 |     5 |     2 |       ||     9
Evoke: Wand              |       |     5 |     1 |    17 |    48 |    19 |     5 ||    95
  Use: Scroll            |       |     8 |     2 |    17 |    18 |    20 |    13 ||    78
       Potion            |       |     1 |     2 |     2 |     1 |     2 |    14 ||    22
 Stab: Sleeping          |     6 |     1 |     5 |     4 |     8 |     6 |    11 ||    41
       Distracted        |       |       |     2 |     1 |     5 |     5 |     5 ||    18
       Invisible         |       |       |       |     5 |       |       |     4 ||     9
       Confused          |       |       |       |       |     7 |       |       ||     7
       Petrified         |       |       |       |       |       |     7 |       ||     7
  Eat: Chunk             |     2 |     7 |    10 |    33 |    36 |    31 |    31 ||   150
       Meat ration       |       |       |     1 |       |     7 |     4 |       ||    12
       Fruit             |       |       |     4 |       |       |     5 |     1 ||    10
       Royal jelly       |       |       |     1 |       |     1 |     2 |       ||     4
       Bread ration      |       |       |       |       |       |     4 |       ||     4
Armor: Skin              |    19 |    19 |    27 |   127 |   208 |   448 |   373 ||  1221
Dodge: Dodged            |    56 |    79 |   131 |   296 |   578 |   523 |   384 ||  2047
Block: Buckler           |       |       |       |       |    15 |    12 |     6 ||    33

Table legend:
 A = Turns spent in this place as a percentage of turns spent in the entire game.
 B = Non-inter-level travel turns spent in this place as a percentage of non-inter-level travel turns spent in the entire game.
 C = Inter-level travel turns spent in this place as a percentage of turns spent in this place.
 D = Turns resting spent in this place as a percentage of non-inter-level travel turns spent in this place.
 E = Turns spent auto-exploring this place as a percentage of non-inter-level travel turns spent in this place.
 F = Non-inter-level travel turns spent in this place divided by the number of levels of this place that you've seen.
                   A       B       C       D       E      F
               +-------+-------+-------+-------+-------+----------------------
         Total | 100.0 | 100.0 |   0.5 |   0.6 |   0.0 | 671.7
       Dungeon |  35.0 |  34.9 |   0.7 |   1.0 |   0.0 | 625.9
          Lair |  18.6 |  18.6 |   0.5 |   0.3 |   0.0 | 832.2
        Shoals |   7.7 |   7.7 |   0.3 |   0.1 |   0.0 | 520.5
     Snake Pit |  14.1 |  14.2 |   0.4 |   0.6 |   0.0 | 951.0
  Orcish Mines |   6.7 |   6.7 |   0.3 |   0.9 |   0.0 | 901.0
        Vaults |  12.4 |  12.4 |   0.4 |   0.1 |   0.0 | 665.4
        Depths |   4.9 |   4.8 |   0.6 |   0.0 |   0.0 | 434.3
     Labyrinth |   0.6 |   0.6 |   0.0 |   4.8 |   0.0 | 168.0
               +-------+-------+-------+-------+-------+----------------------

Table legend:
 A = Kills in this place as a percentage of kills in entire the game.
 B = Kills by you in this place as a percentage of kills by you in the entire game.
 C = Kills by friends in this place as a percentage of kills by friends in the entire game.
 D = Other kills in this place as a percentage of other kills in the entire game.
 E = Experience gained in this place as a percentage of experience gained in the entire game.
 F = Experience gained in this place divided by the number of levels of this place that you have seen.
                   A       B       C       D       E      F
               +-------+-------+-------+-------+-------+----------------------
         Total | 100.0 | 100.0 | 100.0 | 100.0 | 100.0 | 16529.8
       Dungeon |  26.5 |  28.1 |  10.4 |   0.0 |  12.4 | 5462.2
          Lair |  17.7 |  16.0 |  35.8 |   0.0 |  10.7 | 11748.7
        Shoals |   7.6 |   6.8 |  17.2 |   0.0 |   7.6 | 12623.0
     Snake Pit |  14.3 |  14.6 |  11.9 |   0.0 |  19.2 | 31659.0
  Orcish Mines |   9.6 |   9.5 |  10.4 |   0.0 |   4.5 | 14871.0
        Vaults |  17.0 |  17.6 |   9.7 | 100.0 |  31.0 | 41046.8
        Depths |   6.9 |   7.1 |   4.5 |   0.0 |  14.3 | 31610.0
     Labyrinth |   0.3 |   0.3 |   0.0 |   0.0 |   0.3 | 1834.0
               +-------+-------+-------+-------+-------+----------------------

Vault maps used:
D:1:      dpeg_arrival_lava_temple_mockup
D:4:      minmay_temple_entry_crystal_x, st_stairs_6, corner_web_ring,
          tgw_kikubaaqudgha
D:5:      first_bread
D:6:      uniq_blork_the_orc, uniq_pikel
D:8:      david_lair_generic
D:9:      okawaru_gym_becter, uniq_prince_ribbit1, uniq_psyche
D:10:     hangedman_ranch
D:11:     portal_ice_cave_entry_animals_and_master, serial_shops,
          nicolae_shop_trees
D:12:     zombieorc2_lemuel, serial_shops, shop, chequers_big_river
D:13:     lemuel_blue_sif_altar, uniq_urug, uniq_rupert, uniq_azrael,
          uniq_erolcha
D:14:     erik_vaults_2, hex_intersection
D:15:     grunt_enter_depths_hoard, minivault_13
Lair:1:   cheibrodos_lair_river_kwai
Lair:2:   lab_entry_generic, grunt_megastairs_1
Lair:3:   cheibrodos_lair_overgrown_chateau, minmay_lair_oklob_chamber,
          serial_bayou_shore_b
Lair:4:   elwin_shoals_entry_rocks, minmay_snake_entry_six_corridors
Lair:5:   nicolae_slime_entry_slimehenge, minivault_29
Lair:6:   evilmike_catoblepas_cave, wad_woods_03, serial_bayou_shore_b,
          grunt_megastairs_5
Shoals:2: serial_shops, nicolae_shop_waterfront, shop
Shoals:4: shoals_end_simple, shoals_ilsuiw_alternative, serial_shops,
          nicolae_shop_behind_doors
Snake:2:  basic_altar, minmay_shoptagon
Snake:3:  basic_stair_grate_trap, uniq_vashnia
Snake:4:  grunt_snake_rune_spirals, serial_shops, shop_fountains, uniq_aizul
Orc:2:    st_orc_congregation, uniq_maurice, uniq_snorg, uniq_saint_roka
Vaults:1: dpeg_vaults_monster_row, hangedman_vaults_stitches,
          special_room_vaults, hangedman_vaults_hat, v_alt_pattern_3, v_misc_15,
          vaults_room_large_hall, nicolae_vaults_little_squares_6,
          vaults_room_corners, serial_shops, shop, uniq_asterion
Vaults:2: st_check, v_pattern_3, vaults_standard_mumra_lines,
          blue_anna_dwarven_crypt, hangedman_vaults_nodes,
          hangedman_vaults_unwind, v_misc_10,
          nicolae_vaults_windows_and_doors_thing, v_misc_23, uniq_mara
Vaults:3: vaults_room_fancy_cross, v_misc_29, ontoclasm_vaults_ring_square,
          ontoclasm_vaults_claustrophobia, hangedman_vaults_maws,
          nicolae_vaults_angled_halls, nicolae_vaults_circle_grid_a,
          nicolae_vaults_little_ls, vaults_standard_mumra_x,
          nicolae_vaults_little_squares_3, nicolae_vaults_shelves_hall,
          grunt_vaults_hallway_short, nicolae_vaults_mini_display_case,
          uniq_xtahua, uniq_frederick
Vaults:4: grunt_vaults_funnel, ontoclasm_vaults_gateway, nicolae_vaults_theta,
          vaults_dpeg_spiral, nicolae_vaults_bisected_exclaves,
          ontoclasm_vaults_misaligned, hangedman_vaults_locks, serial_ice_g,
          nicolae_vaults_circle_grid_b, vaults_mumra_hexcomb,
          nicolae_vaults_rhombus_7, nicolae_vaults_yaktaur_gun_rack,
          vaults_room_grunt_arrival_ludios
Vaults:5: serial_shops
Depths:1: minmay_box_of_statues, hangedman_abyss_or_decor_stabs,
          grunt_mini_vestibule, hangedman_decor_growths, horrible_house_mu,
          uniq_jorgrun
Depths:2: evilmike_marble_ring, enter_ziggurat_e,
          hangedman_abyss_or_decor_passed, pf_hell_entry_tar_spiral,
          infiniplex_staircase_x
Depths:3: regret_index_uskayaw_diablada_macabre, serial_shops,
          nicolae_shop_trees, nicolae_shop_competitors_out_of_business,
          nicolae_shop_behind_doors, nicolae_shop_behind_doors,
          grunt_hell_entry_dis_mu, rand_demon_pan_entry_4, moated_statue,
          water_boxes_lemuel, infiniplex_staircase_river
Lab:      labyrinth_hidden_loot, nicolae_lab_flowing_pool, nicolae_lab_statue,
          nicolae_lab_do_over, nicolae_lab_grate, labyrinth_lava_lair,
          nicolae_lab_t_cross
